Map: Deathaura LE

Players

Osiris

  • Race: Terran Terran
  • League: Diamond
  • Spawn Location: 11:00

SHlTMAPS - Winner!

  • Race: Zerg Zerg
  • League: Master
  • Spawn Location: 5:00

VOD

Have the link to the VOD?

Description

Time

  • Played on: Dec. 20, 2020, 10:35 a.m.
  • Length: 6:55
Show
View Real Time Build Order
Export as new Build Order

Osiris Terran 

Build Orders: Reaper Expand, Hellion Banshee 

Get SALT Encoding   

  12  0:00  SCV  
  13  0:12  SCV  
  14  0:16  Supply Depot  
  14  0:24  SCV  
  15  0:38  SCV  
  15  0:40  Barracks  
  16  0:42  Refinery  
  16  0:50  SCV  
  17  1:02  SCV  
  18  1:14  SCV  
  19  1:27  Orbital Command, Reaper  
  20  1:39  Command Center  
  20  1:47  Supply Depot  
  20  1:53  SCV  
  21  1:59  Marine  
  22  2:07  Factory  
  22  2:09  SCV  
  23  2:19  Barracks Reactor  
  23  2:21  SCV  
  24  2:33  SCV  
  25  2:45  SCV  
  26  2:52  Command Center  
  26  2:53  Orbital Command  
  26  3:04  Starport, Hellion  
  28  3:07  SCV  
  31  3:13  Hellion  
  31  3:19  SCV, Refinery  
  32  3:25  Barracks Tech Lab  
  32  3:28  Hellion  
  32  3:31  SCV x2  
  36  3:35  Hellion  
  37  3:43  SCV  
  37  3:46  SCV  
  39  3:51  Banshee  
  39  3:52  Hellion  
  39  3:55  SCV  
  45  3:58  Supply Depot  
  45  4:00  SCV  
  46  4:07  Hellion  
  49  4:10  SCV, Orbital Command  
  49  4:13  SCV  
  50  4:19  Cloaking Field  
  50  4:22  SCV, Supply Depot  
  51  4:25  SCV  
  51  4:29  Hellion  
  54  4:34  SCV, Banshee  
  58  4:39  SCV x2  
  58  4:44  Barracks Tech Lab, Supply Depot  
  60  4:46  SCV  
  61  4:53  Barracks x2  
  61  4:57  SCV  
  61  4:59  Factory Reactor  
  60  5:05  SCV  
  59  5:08  SCV, Bunker  
  59  5:11  SCV, Refinery, Engineering Bay  
  59  5:12  Refinery, Engineering Bay  
  61  5:15  Bunker  
  55  5:44  SCV x3  
  55  5:46  Marine x2  
  60  5:50  Barracks  
  60  5:51  Barracks  
  60  5:56  SCV x2  
  60  6:08  Marine x3  
  60  6:09  Marine x2  
  63  6:20  Supply Depot  
  63  6:21  Supply Depot  
  60  6:26  Marine x4  
  60  6:30  Marine  
  64  6:33  SCV x3  
  67  6:43  Barracks Reactor  
  67  6:44  Barracks Reactor, Factory Tech Lab  
Show
View Real Time Build Order
Export as new Build Order

SHlTMAPS Zerg - Winner!

Build Orders: Hatch First 

Get SALT Encoding   

  12  0:01  Drone  
  13  0:12  Overlord  
  13  0:17  Drone  
  14  0:30  Drone  
  14  0:32  Drone  
  16  0:48  Hatchery  
  15  0:51  Drone  
  15  0:54  Drone  
  17  0:57  Drone  
  18  1:09  Extractor  
  17  1:13  Spawning Pool  
  17  1:18  Drone  
  17  1:19  Drone  
  18  1:28  Drone  
  19  1:38  Drone  
  20  1:49  Overlord  
  20  2:00  Queen x2  
  20  2:01  Zergling x4  
  26  2:11  Drone x2  
  28  2:21  Hatchery  
  27  2:27  Overlord  
  27  2:33  Metabolic Boost  
  27  2:39  Drone  
  27  2:40  Drone x2  
  30  2:45  Drone x2  
  32  2:54  Overlord  
  32  3:00  Drone  
  32  3:02  Queen  
  35  3:11  Drone  
  35  3:12  Drone x4  
  40  3:14  Drone  
  41  3:20  Drone  
  41  3:25  Drone  
  43  3:30  Drone  
  44  3:41  Queen  
  44  3:42  Roach Warren, Extractor  
  44  3:43  Overlord  
  44  3:44  Drone x3  
  47  3:49  Queen  
  47  3:50  Drone  
  47  3:51  Drone  
  47  3:53  Overlord  
  51  3:57  Overlord  
  51  4:05  Overlord  
  51  4:22  Roach x8  
  67  4:25  Zergling x2  
  67  4:26  Zergling x4  
  70  4:34  Zergling x2  
  70  4:35  Zergling x6  
  74  4:47  Zergling x2  
  74  4:48  Zergling x8  
  74  4:50  Ravager  
  74  4:51  Ravager  
  81  4:53  Overlord x3  
  81  5:10  Zergling x2  
  81  5:11  Zergling x10  
  81  5:12  Zergling x2  
  81  5:13  Zergling x4  
  92  5:16  Ravager  
  92  5:17  Ravager  
  92  5:21  Queen x2  
  86  5:38  Zergling x2  
  86  5:39  Zergling x16  
  90  5:49  Zergling x2  
  88  5:50  Zergling x2  
  88  5:52  Ravager  
  73  6:18  Zergling x2  
  73  6:19  Zergling x16  
  75  6:30  Zergling x2  
  71  6:34  Zergling x6  
  60  6:42  Drone  
  60  6:43  Drone  
Tags
 
Add a new tag
Caveats
  • Supply blocks, unpowered buildings, or Contaminate may cause inaccurate times.
  • Supply counts are checked every 10 seconds.